 Dungeon Crawl Stone Soup version 0.31-a0-210-gccc998df9b (webtiles) character file.

Game seed: 17938113205294028121

43 qw the Shooter (level 3, -2/29 HPs)
             Began as a Minotaur Hexslinger on June 29, 2023.
             Slain by a goblin
             ... wielding a +0 dagger
             ... led by Robin
              (4 damage)
             ... on level 2 of the Dungeon.
             The game lasted 00:00:27 (1210 turns).

qw the Shooter (Minotaur Hexslinger)                Turns: 1210, Time: 00:00:28

Health: -2/29      AC:  2    Str: 12    XL:     3   Next: 37%
Magic:  3/3        EV: 12    Int: 10    God:
Gold:   117        SH:  0    Dex: 14    Spells: 3/4 levels left

rFire   . . .        Y - +2 sling
rCold   . . .        (no shield)
rNeg    . . .        c - +0 robe
rPois   .            (helmet restricted)
rElec   .            (no cloak)
rCorr   .            (no gloves)
SInv    .            (no boots)
Will    .....        (no amulet)
Stlth   +            (no ring)
HPRegen 0.24/turn    (no ring)
MPRegen 0.08/turn

%: no passive effects
@: no status effects
A: horns 2, retaliatory headbutt
a: no special abilities


You were on level 2 of the Dungeon.
You visited 1 branch of the dungeon, and saw 2 of its levels.

You collected 117 gold pieces.


Innate Abilities, Weirdness & Mutations

You have a pair of horns on your head.
You reflexively headbutt those who attack you in melee.


   Skills:
 - Level 2.0 Fighting
 + Level 4.0 Ranged Weapons
 - Level 2.1 Dodging
 - Level 1.0 Spellcasting
 - Level 2.0 Hexes


You had 3 spell levels left.
You knew the following spells:

 Your Spells              Type           Power      Damage    Failure   Level
a - Slow                  Hex            16%        N/A       16%         1

Your spell library contained the following spells:

 Spells                   Type           Power      Damage    Failure   Level
 Inner Flame              Hex/Fire       2%         N/A       56%         3
 Portal Projectile        Hex/Tloc       4%         N/A       56%         3
 Cause Fear               Hex            2%         N/A       83%         4

Inventory:

Hand Weapons
 Y - a +2 sling (weapon)
Armour
 c - a +0 robe (worn)
Jewellery
 a - a ring of ice
Scrolls
 b - a scroll of blinking {unknown}
 e - a scroll of fear {unknown}
Potions
 d - a potion of lignification {unknown}
 f - a potion of attraction {unknown}

Dungeon Overview and Level Annotations

Branches:
Dungeon (2/15)

Altars:

Annotations:
D:2 Robin


Message History

A hobgoblin comes into view.
The goblin barely misses you.
You hear a shout!
You shoot a sling bullet.
The sling bullet closely misses the goblin.
The goblin hits you with a +0 dagger. The goblin hits you but does no damage.
You shoot a sling bullet. The sling bullet misses the goblin.
Robin says, "Kneel, worm!"
The goblin closely misses you. You furiously retaliate!
You headbutt the goblin.
You kill the goblin!
The goblin barely misses you. The goblin closely misses you.
You shoot a sling bullet. The sling bullet hits the goblin.
The goblin is severely wounded.
The goblin hits you with a +0 club. x2; The goblin hits you with a +0 dagger.
The goblin closely misses you. The goblin hits you with a +0 club.
The goblin barely misses you.
You shoot a sling bullet.
The sling bullet barely misses the goblin.
A goblin comes into view. It is wielding a +0 dagger.
The goblin misses you. You furiously retaliate!
You headbutt the goblin, but do no damage.
The goblin hits you with a +0 club. The hobgoblin barely misses you.
A goblin comes into view. It is wielding a +0 club.
You shoot a sling bullet. The sling bullet hits the goblin.
You kill the goblin!
The goblin hits you with a +0 dagger. The goblin hits you with a +0 club.
A goblin comes into view. It is wielding a +0 club.
The hobgoblin hits you.
Your Ranged Weapons skill increases to level 4!
You shoot a sling bullet. The goblin shouts!
The sling bullet hits Robin.
Robin is moderately wounded.
The goblin hits you with a +0 club.
A goblin comes into view. It is wielding a +0 dagger.
The hobgoblin completely misses you. You furiously retaliate!
You headbutt the hobgoblin!
You kill the hobgoblin!
The goblin hits you with a +0 dagger.
You die...

#######.##. #. #.#
#.##. #.##########.#
#.##. #...........)#
#.###
#............#####.#
#..................#
#............#######
#...gg.).....#
###.g.@).....##
gg.w..%g.......#
.g############.#
#######.# #.......#
#.......#
#.......#########
#######.....(....
###########


You could see Robin, a dart slug, a hobgoblin (strong) and 5 goblins.

Vanquished Creatures
  An adder (D:2)
  A bat (D:2)
  3 endoplasms (D:1)
  2 giant cockroaches (D:2)
  5 goblins
  5 hobgoblins
  2 quokkas
  2 ball pythons (D:2)
  3 frilled lizards (D:1)
  5 kobolds
  2 rats (D:1)
31 creatures vanquished.

Notes
Turn   | Place    | Note
-------+----------+-------------------------------------------
     0 | D:1      | qw the Minotaur Hexslinger began the quest for the Orb.
     0 | D:1      | Reached XP level 1. HP: 16/16 MP: 1/1
     0 | D:1      | 0 ||| qw: Version: 0.3-a-24-ga2abf7b
     0 | D:1      | 0 ||| qw: Game counter: 6902
     0 | D:1      | 0 ||| qw: Melee chars always use a shield: true
     0 | D:1      | 0 ||| qw: God list: Okawaru
     0 | D:1      | 0 ||| qw: Allow faded altars: false
     0 | D:1      | 0 ||| qw: Do Orc after clearing Dungeon:15 true
     0 | D:1      | 0 ||| qw: Do second Lair branch before Depths: true
     0 | D:1      | 0 ||| qw: Lair rune preference: random
     0 | D:1      | 0 ||| qw: Goals: Normal
     0 | D:1      | 0 ||| PLANNING D:1-11
   346 | D:1      | Reached skill level 3 in Ranged Weapons
   399 | D:1      | Reached XP level 2. HP: 23/23 MP: 2/2
   865 | D:1      | 865 ||| DROPPING +6 ring of intelligence.
   866 | D:1      | 866 ||| READING scroll labelled WYICUH PO YVA.
   867 | D:1      | 867 ||| READING 2 scrolls labelled GUTWIA QAMYIRGH.
   868 | D:1      | 868 ||| READING scroll labelled UTTUFFEHUSM.
   969 | D:1      | 969 ||| READING scroll labelled IGEWUF ZUTO.
   970 | D:1      | 970 ||| DROPPING scroll of poison.
   971 | D:1      | 971 ||| DROPPING scroll of fog.
  1025 | D:2      | Reached XP level 3. HP: 29/29 MP: 3/3
  1201 | D:2      | Noticed Robin
  1209 | D:2      | HP: 7/29 [hobgoblin[Robin] (2)]
  1210 | D:2      | Reached skill level 4 in Ranged Weapons
  1210 | D:2      | HP: 2/29 [goblin/+0 club[Robin] (5)]
  1210 | D:2      | Slain by a goblin

Levels and vault maps discovered:
D:1:      shiori_arrival_oz, layout_basic, serial_park_tiny_2
D:2:      layout_basic, minmay_tiny_reverse_x, uniq_robin

Skill      XL: |  1  2  3 |
---------------+----------+-----
Ranged Weapons | 3 4 |  4.0
Fighting       | 2 |  2.0
Dodging        | |  2.1
Spellcasting   | |  1.0
Hexes          | |  2.0

Action                     || total
---------------------------++-------
   Fire: Sling             ||    92
    Use: Scroll            ||     4
 Armour: Robe              ||     7
  Dodge: Dodged            ||    31

Table legend:
 A = Non-vault XP
 B = Vault XP
 C = Vault XP percentage of total XP
 D = Non-vault monster count
 E = Vault monster count
 F = Vault count percentage of total count
                 A         B        C        D         E       F
            +---------+---------+-------+---------+---------+-------
      Total |      50 |      14 |  21.9 |      24 |       7 |  22.6
            +---------+---------+-------+---------+---------+-------
        D:1 |      26 |       4 |  13.3 |      16 |       2 |  11.1
        D:2 |      24 |      10 |  29.4 |       8 |       5 |  38.5
            +---------+---------+-------+---------+---------+-------
